 Dungeon Sprint DCSS version 0.19-a0-1071-g4ed3155 (webtiles) character file.

252 Shrawl the Skirmisher (level 5, -16/47 HPs)
             Began as a Demonspawn Fighter on Aug 5, 2016.
             Was an Initiate of Qazlal.
             Demolished by a hill giant
             ... wielding a +0 giant club
              (21 damage)
             ... in the Dungeon (Sprint IX: "|||||||||||||||||||||||||||||").
             The game lasted 00:00:57 (213 turns).

Shrawl the Skirmisher (Demonspawn Fighter)           Turns: 213, Time: 00:00:58

Health: -16/47     AC: 13    Str: 25    XL:     5   Next: 89%
Magic:  4/8        EV:  9    Int:  9    God:    Qazlal [......]
Gold:   0          SH: 11    Dex: 13    Spells: 0 memorised, 4 levels left

rFire  . . .     SeeInvis .     o - +2 scimitar (drain)
rCold  . . .     Gourm    .     q - +1 scale mail
rNeg   . . .     Faith    .     c - +0 shield
rPois  .         Spirit   .     (no helmet)
rElec  .         Dismiss  .     p - +0 cloak
rCorr  .         Reflect  .     (no gloves)
SustAt .         Harm     .     (no boots)
MR     .....     NoTele   +     (no amulet)
Stlth  ..........               r - +3 ring of strength
                                s - +2 ring of protection

@: mighty
A: hooves 1, slimy green scales 1, rot immunity
a: Renounce Religion


You were in the Dungeon.
You worshipped Qazlal.
Qazlal was noncommittal.
You were not hungry.

You visited 1 branch

Inventory:

Hand Weapons
 o - a +2 scimitar of draining (weapon)
Armour
 c - a +0 shield (worn)
 p - a +0 cloak (worn)
 q - a +1 scale mail (worn)
Jewellery
 r - a +3 ring of strength (right hand)
 s - a +2 ring of protection (left hand)
Wands
 n - a wand of lightning (6/15)
Scrolls
 k - 2 scrolls of blinking
 l - 3 scrolls of remove curse
 m - 2 scrolls of amnesia
Potions
 e - 5 potions of curing
 g - a potion of invisibility
 h - a potion of haste
 i - 4 potions of magic
 j - 2 potions of heal wounds
Comestibles
 f - a bread ration


   Skills:
 + Level 6.5 Fighting
 * Level 5.2 Long Blades
 + Level 5.8 Armour
 + Level 2.0 Dodging
 + Level 6.0 Shields
 * Level 4.2 Invocations


You had 4 spell levels left.
You didn't know any spells.

Dungeon Overview and Level Annotations

Branches:
Dungeon (1/1)

Altars:
Cheibriados
Dithmenos
Elyvilon
Fedhas
Gozag
Hepliaklqana
Kikubaaqudgha
Makhleb
Nemelex Xobeh
Okawaru
Pakellas
Qazlal
Ru
Sif Muna
Trog
Uskayaw
Vehumet
Xom
Yredelemnul
Zin
The Shining One
Beogh
Jiyva
Lugonu


Innate Abilities, Weirdness & Mutations

You have large cloven feet.
You are partially covered in slimy green scales. (AC +2)
You are immune to rotting.


Message History

You have reached level 5!
The bolt of lightning hits the hill giant.
The hill giant is moderately wounded.
The bolt of lightning hits the wight.
The wight is heavily damaged.
The bolt of lightning hits the giant gecko skeleton.
The giant gecko skeleton is lightly damaged.
The bolt of lightning misses the ogre.
The bolt of lightning hits the yak.
The yak is moderately wounded.
This wand has 6 charges left.
You feel very mighty all of a sudden.
The hill giant hits you with a giant club!
You hit the hill giant. You drain the hill giant! You kick the hill giant.
The hill giant is heavily wounded.
The hill giant hits you with a giant club!!
* * * LOW HITPOINT WARNING * * *
Your scale mail prevents you from hitting the hill giant.
The hill giant is heavily wounded.
The hill giant hits you with a giant club!!
You die... ▓▓▓▓▓▓▓▓▓▓▓▓▓▓▓▓▓▓▓▓▓▓▓▓ ..YOZzC@..[.)|..'_______ ▓▓▓▓▓▓▓▓▓▓▓▓▓▓▓▓▓▓▓▓▓▓▓▓

You could see a hill giant, a yak, an ogre, a wight and a giant gecko skeleton.

Vanquished Creatures
  A yak (D)
  An ice beast (D)
  An adder skeleton (D)
  A giant gecko (D)
  3 orcs (D)
  A bat (D)
  A hobgoblin (D)
  A giant newt (D)
  A rat (D)
11 creatures vanquished.

Notes
Turn   | Place    | Note
-------+----------+-------------------------------------------
     0 | D        | Shrawl the Demonspawn Fighter began the quest for the Orb.
     0 | D        | Reached XP level 1. HP: 18/18 MP: 1/1
   109 | D        | Noticed an ice beast
   115 | D        | Gained mutation: You are partially covered in slimy green scales. (AC +2) [demonic ancestry]
   115 | D        | Reached XP level 2. HP: 24/24 MP: 2/2
   118 | D        | Killed an ice beast
   118 | D        | Reached skill level 5 in Fighting
   118 | D        | Reached skill level 1 in Dodging
   118 | D        | Gained mutation: You are immune to rotting. [demonic ancestry]
   118 | D        | Reached XP level 3. HP: 33/33 MP: 3/3
   118 | D        | Gained mutation: You have large cloven feet. [demonic ancestry]
   118 | D        | Reached XP level 4. HP: 39/39 MP: 4/4
   124 | D        | Reached skill level 5 in Armour
   125 | D        | Reached skill level 5 in Shields
   133 | D        | Found a glowing silver altar of Zin.
   133 | D        | Found a glowing golden altar of the Shining One.
   133 | D        | Found an ancient bone altar of Kikubaaqudgha.
   133 | D        | Found a basalt altar of Yredelemnul.
   133 | D        | Found a shimmering altar of Xom.
   133 | D        | Found a radiant altar of Vehumet.
   134 | D        | Found an iron altar of Okawaru.
   135 | D        | Found a burning altar of Makhleb.
   136 | D        | Found a deep blue altar of Sif Muna.
   137 | D        | Found a bloodstained altar of Trog.
   138 | D        | Found a sparkling altar of Nemelex Xobeh.
   139 | D        | Found a white marble altar of Elyvilon.
   140 | D        | Found a roughly hewn altar of Beogh.
   141 | D        | Found a viscous altar of Jiyva.
   142 | D        | Found a corrupted altar of Lugonu.
   143 | D        | Found a blossoming altar of Fedhas.
   144 | D        | Found a snail-covered altar of Cheibriados.
   145 | D        | Found a shadowy altar of Dithmenos.
   146 | D        | Found a stormy altar of Qazlal.
   147 | D        | Found an opulent altar of Gozag.
   148 | D        | Found a sacrificial altar of Ru.
   149 | D        | Found an oddly glowing altar of Pakellas.
   150 | D        | Found a hide-covered altar of Uskayaw.
   151 | D        | Found a hazy altar of Hepliaklqana.
   154 | D        | Became a worshipper of Qazlal Stormbringer
   201 | D        | Noticed a yak
   201 | D        | Noticed a hill giant
   201 | D        | Noticed an ogre
   201 | D        | Noticed a yak
   210 | D        | Killed a yak
   210 | D        | Reached skill level 5 in Long Blades
   210 | D        | Reached XP level 5. HP: 36/47 MP: 4/8
   213 | D        | Demolished by a hill giant

Vault maps used:
D:        linesprint

Skill      XL: |  1  2  3  4 |
---------------+-------------+-----
Long Blades    | 2 3 5 |  5.2
Armour         | 3 4 5 |  5.8
Shields        | 3 4 6 |  6.0
Fighting       | 5 6 |  6.5
Dodging        | 1 2 |  2.0
Invocations    | 4 |  4.2

Action                   |  1- 3 |  4- 6 || total
-------------------------+-------+-------++-------
Melee: Long sword        |    45 |     7 ||    52
       Scimitar          |       |     8 ||     8
       Kick              |       |     5 ||     5
Evoke: Wand              |       |     1 ||     1
  Use: Potion            |     2 |     1 ||     3
Armor: Scale mail        |    14 |     6 ||    20
Dodge: Dodged            |    12 |       ||    12
Block: Shield            |    15 |     2 ||    17
